 Dungeon Crawl Stone Soup version 0.24-b1-44-g37ad8b309f (webtiles) character file.

Game seed: 8985330071738668403, levelgen mode: deterministic

438 Fistmachine the Magician (level 7, 0/75 HPs)
             Began as a Gnoll Wizard on Oct 24, 2019.
             Succumbed to a worker ant's poison
             ... while paralysed by you
             ... on level 4 of the Dungeon.
             The game lasted 00:23:52 (3935 turns).

Fistmachine the Magician (Gnoll Wizard)             Turns: 3935, Time: 00:23:52

Health: 0/75       AC: 23    Str: 11 (12) XL:     7   Next: 1%
Magic:  23/27      EV:  2    Int: 19 (20) God:
Gold:   297        SH:  0    Dex: 12 (13) Spells: 18/21 levels left

rFire    . . .     SeeInvis .   m - +2 dagger (holy)
rCold    . . .     Gourm    .   r - +0 shield
rNeg     + + +     Faith    .   (armour currently unavailable)
rPois    +         Spirit   .   (helmet currently unavailable)
rElec    .         Reflect  .   (cloak currently unavailable)
rCorr    .         Harm     .   (gloves currently unavailable)
MR       .....     NoTele   +   (boots currently unavailable)
Stlth    +++.......             (no amulet)
HPRegen  0.22/turn              c - ring of magical power
MPRegen  0.20/turn              (no ring)

@: paralysed, lethally poisoned (0 -> -3), tree-form, very slightly
contaminated, hasted, invisible
A: distributed training, mutation resistance 1, strong nose
a: no special abilities


You were on level 4 of the Dungeon.
You were not hungry.
You were a tree.
You visited 1 branch of the dungeon, and saw 6 of its levels.

You collected 297 gold pieces.

Inventory:

Hand Weapons
 m - a +2 dagger of holy wrath (weapon)
Missiles
 s - 6 javelins (quivered)
Armour
 g - a +0 leather armour (melded)
 h - a +0 helmet (melded)
 r - a +0 shield (worn)
Jewellery
 c - a ring of magical power (left branch)
 x - an uncursed ring of protection from fire {unknown}
Wands
 n - a wand of flame (26)
 u - a wand of random effects (18)
Scrolls
 a - 2 scrolls of enchant armour
 e - a scroll of fog
 o - a scroll of immolation
 p - a scroll of blinking
Potions
 f - a potion of agility
Comestibles
 d - 4 rations


   Skills:
 + Level 2.1 Fighting
 + Level 2.1 Short Blades
 + Level 2.1 Long Blades
 + Level 2.1 Axes
 + Level 2.1 Maces & Flails
 + Level 2.1 Polearms
 + Level 2.1 Staves
 + Level 2.1 Slings
 + Level 2.1 Bows
 + Level 2.1 Crossbows
 + Level 2.1 Throwing
 + Level 2.1 Armour
 + Level 5.1 Dodging
 + Level 4.7 Stealth
 + Level 2.1 Shields
 + Level 2.1 Unarmed Combat
 + Level 7.5 Spellcasting
 + Level 2.7 Conjurations
 + Level 1.7 Hexes
 + Level 1.7 Charms
 + Level 2.7 Summonings
 + Level 1.7 Necromancy
 + Level 2.7 Translocations
 + Level 1.7 Transmutations
 + Level 1.7 Fire Magic
 + Level 1.7 Ice Magic
 + Level 1.7 Air Magic
 + Level 1.7 Earth Magic
 + Level 1.7 Poison Magic
 + Level 2.4 Invocations
 + Level 2.1 Evocations


You had 18 spell levels left.
You knew the following spells:

 Your Spells              Type           Power        Failure   Level  Hunger
a - Magic Dart            Conj           ###.         16%         1    None
b - Call Imp              Summ           ###.....     24%         2    None

Your spell library contained the following spells:

 Spells                   Type           Power        Failure   Level  Hunger
 Blink                    Tloc           N/A          24%         2    None
 Slow                     Hex            ##......     36%         2    None
 Conjure Flame            Conj/Fire      ###.....     52%         3    #......
 Mephitic Cloud           Conj/Pois/Air  ###.....     54%         3    #......


Dungeon Overview and Level Annotations

Branches:
Dungeon (6/15)
 Temple: D:4-7

Altars:
Gozag
Uskayaw

Portals:
Sewer: D:6
Ossuary: D:6

Annotations:
D:3 1 runed translucent door, Crazy Yiuf


Innate Abilities, Weirdness & Mutations

Your experience applies equally to all skills.
((You have very sharp teeth.))
Your uncanny sense of smell can sniff out nearby items.
You are somewhat resistant to further mutation.


Message History

You are very lightly contaminated with residual magic.
There is a lethal amount of poison in your body!
Aiming: Random Effects
Press: ? - help, Shift-Dir - straight line, f - you Nothing appears to happen.
* * * LOW HITPOINT WARNING * * *
You feel sick.
There is a lethal amount of poison in your body!
That item cannot be evoked!
Evoke which item? (* to show all) (? for menu, Esc to quit)
Aiming: Random Effects
Press: ? - help, Shift-Dir - straight line, f - you That beam is likely to hit you.
Continue anyway?
You feel yourself speed up.
Evoke which item? (* to show all) (? for menu, Esc to quit)
Aiming: Random Effects
Press: ? - help, Shift-Dir - straight line, f - you That beam is likely to hit you.
Continue anyway?
You suddenly lose the ability to move!
You die...

#.............#.....
############..#.....
#........
###########........
#............>...#.
##..(...#.........#.
#....$...[..........
#.###.#...##..##....
#.#.#.#♣#.#.#.##..#####.
.......55.........# #.
#.#.#.#.#.#.#.##... ..
$..<...†...........#
#.#.#.#.#.#.#.#.....
..............###.
#.#.#.#.#.#.#.##
##..........### #.
........


You could see a friendly white imp and a friendly shadow imp.

Vanquished Creatures
  2 orc priests
  A worker ant (D:5)
  A gnoll (D:3)
  4 adders
  3 oozes
  An adder zombie (D:5)
  A worm (D:2)
  A dart slug (D:2)
  4 leopard geckos
  6 orcs
  3 ball pythons
  4 bats
  5 giant cockroaches
  9 goblins
  4 hobgoblins
  5 jackals
  8 kobolds
  A quokka (D:3)
  6 frilled lizards
  A jackal skeleton (D:6)
  A jackal zombie (D:6)
  7 rats
78 creatures vanquished.

Vanquished Creatures (collateral kills)
  A bullfrog (D:6)
  A jelly (D:5)
  A hound (D:3)
  An orc wizard (D:6)
  Jessica (D:2)
  3 worker ants
  A hound skeleton (D:4)
  A worker ant zombie (D:5)
  An adder (D:6)
  3 gnolls (D:3)
  A shadow imp (D:6)
  An adder skeleton (D:4)
  4 orcs
  2 giant cockroaches
  2 goblins (D:3)
  2 hobgoblins (D:3)
  A jackal (D:2)
  A frilled lizard (D:4)
  A leopard gecko skeleton (D:5)
  A rat (D:3)
30 creatures vanquished.

Grand Total: 108 creatures vanquished

Notes
Turn   | Place    | Note
-------+----------+-------------------------------------------
     0 | D:1      | Fistmachine the Gnoll Wizard began the quest for the Orb.
     0 | D:1      | Reached XP level 1. HP: 13/13 MP: 8/8
   110 | D:1      | Reached XP level 2. HP: 19/19 MP: 10/10
   411 | D:1      | Learned a level 2 spell: Call Imp
   539 | D:1      | Reached XP level 3. HP: 25/25 MP: 11/11
   827 | D:2      | Reached skill level 1 in Invocations
   906 | D:2      | Found an opulent altar of Gozag.
  1037 | D:2      | Reached skill level 1 in Fighting
  1037 | D:2      | Reached skill level 1 in Short Blades
  1037 | D:2      | Reached skill level 1 in Long Blades
  1037 | D:2      | Reached skill level 1 in Axes
  1037 | D:2      | Reached skill level 1 in Maces & Flails
  1037 | D:2      | Reached skill level 1 in Polearms
  1037 | D:2      | Reached skill level 1 in Staves
  1037 | D:2      | Reached skill level 1 in Slings
  1037 | D:2      | Reached skill level 1 in Bows
  1037 | D:2      | Reached skill level 1 in Crossbows
  1037 | D:2      | Reached skill level 1 in Throwing
  1037 | D:2      | Reached skill level 1 in Armour
  1037 | D:2      | Reached skill level 1 in Shields
  1037 | D:2      | Reached skill level 1 in Unarmed Combat
  1037 | D:2      | Reached skill level 1 in Evocations
  1082 | D:2      | Reached XP level 4. HP: 32/32 MP: 13/13
  1364 | D:2      | Found a faded altar of an unknown god.
  1392 | D:2      | Reached skill level 1 in Hexes
  1392 | D:2      | Reached skill level 1 in Charms
  1392 | D:2      | Reached skill level 1 in Necromancy
  1392 | D:2      | Reached skill level 1 in Transmutations
  1392 | D:2      | Reached skill level 1 in Fire Magic
  1392 | D:2      | Reached skill level 1 in Ice Magic
  1392 | D:2      | Reached skill level 1 in Air Magic
  1392 | D:2      | Reached skill level 1 in Earth Magic
  1392 | D:2      | Reached skill level 1 in Poison Magic
  1705 | D:2      | Noticed Jessica
  1711 | D:2      | Killed Jessica
  1807 | D:3      | Reached XP level 5. HP: 36/37 MP: 14/14
  1809 | D:3      | Found a hide-covered altar of Uskayaw.
  2348 | D:3      | Found a runed translucent door.
  2349 | D:3      | Noticed Crazy Yiuf
  2870 | D:4      | You fall into a shaft and drop 2 floors!
  2870 | D:6      | Found a sand-covered staircase.
  2873 | D:6      | Noticed an orc warrior
  2916 | D:6      | Reached XP level 6. HP: 21/44 MP: 13/16
  2937 | D:6      | Found a glowing drain.
  2963 | D:6      | HP: 1/44 [orc priest (4)]
  2973 | D:6      | HP: 1/44 [orc warrior/+0 hand axe (2)]
  3253 | D:5      | Entered Level 5 of the Dungeon
  3323 | D:6      | Reached skill level 5 in Dodging
  3920 | D:4      | Reached XP level 7. HP: 9/50 MP: 18/18
  3924 | D:4      | Gained mutation: You are somewhat resistant to further
                  | mutation. [potion of mutation]
  3929 | D:4      | HP: 2/50 [poisoned by a worker ant]
  3935 | D:4      | Paralysed by you for 4 turns
  3935 | D:4      | Succumbed to a worker ant's poison

Skill      XL: |  1  2  3  4  5  6 |
---------------+-------------------+-----
Conjurations   | 2 |  2.7
Summonings     | 2 |  2.7
Translocations | 2 |  2.7
Invocations    | 1 2 |  2.4
Fighting       | 1 2 |  2.1
Short Blades   | 1 2 |  2.1
Long Blades    | 1 2 |  2.1
Axes           | 1 2 |  2.1
Maces & Flails | 1 2 |  2.1
Polearms       | 1 2 |  2.1
Staves         | 1 2 |  2.1
Slings         | 1 2 |  2.1
Bows           | 1 2 |  2.1
Crossbows      | 1 2 |  2.1
Throwing       | 1 2 |  2.1
Armour         | 1 2 |  2.1
Shields        | 1 2 |  2.1
Unarmed Combat | 1 2 |  2.1
Evocations     | 1 2 |  2.1
Hexes          | 1 |  1.7
Charms         | 1 |  1.7
Necromancy     | 1 |  1.7
Transmutations | 1 |  1.7
Fire Magic     | 1 |  1.7
Ice Magic      | 1 |  1.7
Air Magic      | 1 |  1.7
Earth Magic    | 1 |  1.7
Poison Magic   | 1 |  1.7
Dodging        | 5 |  5.1
Stealth        | |  4.7
Spellcasting   | |  7.5

Action                   |  1- 3 |  4- 6 |  7- 9 || total
-------------------------+-------+-------+-------++-------
Melee: Dagger            |    14 |   145 |       ||   159
       Bite              |     2 |    10 |       ||    12
 Cast: Magic Dart        |    64 |    71 |       ||   135
       Call Imp          |       |    56 |       ||    56
Evoke: Wand              |       |       |     3 ||     3
  Use: Potion            |       |     1 |    11 ||    12
       Scroll            |       |     5 |     1 ||     6
 Stab: Sleeping          |       |     2 |       ||     2
  Eat: Chunk             |       |     6 |       ||     6
       Ration            |       |     1 |       ||     1
Armor: Robe              |     1 |       |       ||     1
       Leather armour    |     2 |    27 |     1 ||    30
       Skin              |       |       |     1 ||     1
Dodge: Dodged            |    18 |    82 |       ||   100
Block: Shield            |       |    51 |     2 ||    53
